 Dungeon Crawl Stone Soup version 0.28-a0-479-g5baa6b73be (webtiles) character file.

Game seed: 13485438383200928611

25 Sargento the Slasher (level 2, -2/27 HPs)
             Began as a Minotaur Berserker on Sept 17, 2021.
             Was a Follower of Trog.
             Slain by Sigmund (5 damage)
             ... on level 2 of the Dungeon.
             The game lasted 00:02:39 (927 turns).

Sargento the Slasher (Minotaur Berserker)            Turns: 927, Time: 00:02:40

Health: -2/27      AC:  2    Str: 21    XL:     2   Next: 82%
Magic:  1/1        EV: 12    Int:  4    God:    Trog [*.....]
Gold:   21         SH:  0    Dex:  9    Spells: 1/1 levels left

rFire   . . .      SeeInvis .   a - +0 falchion
rCold   . . .      Faith    .   (no shield)
rNeg    . . .      Spirit   .   b - +0 animal skin
rPois   .          Reflect  .   (helmet restricted)
rElec   .          Harm     .   (no cloak)
rCorr   .          Rampage  .   (no gloves)
Will    .....                   (no boots)
Stlth   +.........              (no amulet)
HPRegen 0.09/turn               (no ring)
MPRegen 0.07/turn               (no ring)

@: confused, on berserk cooldown, slowed, very slow
A: horns 2, retaliatory headbutt
a: Renounce Religion, Berserk


You were on level 2 of the Dungeon.
You worshipped Trog.
Trog was aware of your devotion.
You visited 1 branch of the dungeon, and saw 2 of its levels.

You collected 21 gold pieces.


Innate Abilities, Weirdness & Mutations

You have a pair of horns on your head.
You reflexively headbutt those who attack you in melee.


   Skills:
 + Level 4.0 Fighting
 + Level 4.0 Long Blades
 + Level 2.9 Armour
 + Level 2.6 Dodging


You had one spell level left.
You didn't know any spells.
Your spell library was empty.

Inventory:

Hand Weapons
 a - a +0 falchion (weapon)
Armour
 b - a +0 animal skin (worn)
Scrolls
 g - a scroll of holy word {!r, unknown}
 h - a scroll of fog {!r, unknown}
Potions
 c - a potion of magic {unknown}
 d - a potion of heal wounds {unknown}
 e - a potion of ambrosia {unknown}
 f - a potion of degeneration {unknown}

Dungeon Overview and Level Annotations

Branches:
Dungeon (2/15)

Altars:

Annotations:
D:2 Sigmund

########.#####.#
.........@{....#
#########.########.
#......<#.#........
#.#######.#.######
#...†.............#
#########.#.#####.#
#.#.# #.#.# #.#.#
....# #.### ..#


There were no monsters in sight!


Message History

Ye op'n tha hobgoblin like a pillowcase!!!
Ye annihilate tha hobgoblin!!!
Unknown command!
A bat comes inta view!
Ye see 'ere a hobgoblin corpse!
Tha bat hits butt!
Tha bat hits ye but does nay damage!
Thar be a stone staircase leadin' down 'ere!
Damage: -5%(-1hp) hp: 95%(19hp) Ye carve tha bat like a ham!
Ye annihilate tha bat!!!
An endoplasm be nearby!!!
Tha endoplasm quivers!
Ye carve tha endoplasm like a ham!
Ye headbutt tha endoplasm!
Ye annihilate tha endoplasm!!!
Ye haf reached level 2!!!
A quokka comes inta view!
Tha quokka bites ye!
Tha quokka closely misses ye!
Ye furiously retaliate!!!
Ye headbutt tha quokka, but do nay damage!
Damage: -11%(-3hp) hp: 89%(24hp) Ye chop tha quokka but do nay damage!
Tha quokka completely misses ye!
Ye closely miss tha quokka!
Tha quokka twitches its whiskers!
Tha quokka bites ye!
Damage: -3%(-1hp) hp: 86%(23hp) Ye chop tha quokka but do nay damage!
Tha quokka bites ye!
Damage: -8%(-2hp) hp: 78%(21hp) Ye chop tha quokka but do nay damage!
Tha quokka barely misses ye!
Tha quokka bites ye!
* * * LOW HITPOINT WARNIN'
* * * Damage: -15%(-4butt) hp: 63%(17hp) Ye carve tha quokka like a ham!
Ye annihilate tha quokka!!!
Nay target in view!!!
Nay target in view!!!
Found a spear!
An butt an' a goblin come inta view!
Tha endoplasm quivers!
Tha goblin shouts!!!
Tha endoplasm hits ye but does nay damage!
Ye op'n tha endoplasm like a pillowcase!
Ye annihilate tha endoplasm!!!
A ball python comes inta view!
Tha ball python hisses angrily!
Ye carve tha goblin like a ham!
Tha goblin be heavily wounded!
Tha goblin hits ye wit' a +0 club!
Tha goblin closely misses ye!
Ye butt-ly retaliate!!!
Ye headbutt tha goblin!
Ye annihilate tha goblin!!!
Damage: -7%(-2hp) hp: 93%(25hp)
Found a stone staircase leadin' down!
Thin's tha be 'ere: a +0 club; a goblin corpse Tha ball python misses ye!
Tha ball python completely misses ye!
Ye carve tha ball python like a ham!
Ye annihilate tha ball python!!!
Nay target in view!!!
Nay target in view!!!
Ye see 'ere a ball python corpse!
Ye now haf 4 gold pieces!
Ye now haf 9 gold pieces (gain'd 5)!
A bat comes inta view!
Ye op'n tha bat like a pillowcase!!!
Ye annihilate tha bat!!!
d - a cyan potion A goblin comes inta view!
It be wieldin' a +0 club!
Tha goblin shouts!!!
A quokka an' a giant cockroach come inta view!
Tha goblin barely misses ye!
Ye furiously retaliate!!!
Ye headbutt tha goblin!!!
Ye annihilate tha goblin!!!
Tha quokka barely misses ye!
Tha quokka bites ye but does nay damage!
Butt see 'ere a +0 club!
Ye barely miss tha quokka!
Yer headbutt misses tha quokka!
Tha quokka bites ye but does nay damage!
Ye chop tha quokka inta pieces!!!
Ye annihilate tha quokka!!!
Tha giant cockroach barely misses ye!
Ye slice tha giant cockroach but do nay damage!
Tha giant cockroach barely misses ye!
Ye slice tha giant cockroach like a ripe choko!!!
Ye annihilate tha giant cockroach!!!
Yer Long Blades skill increases ta level 4!!!
Ye see 'ere a giant cockroach corpse!
e - a metallic inky potion
f - a murky red potion
Found 9 bolts an' 18 stones!
A goblin comes inta view!
It be wieldin' a +0 club!
Tha goblin shouts!!!
Ye chop tha goblin inta pieces!
Ye annihilate tha goblin!!!
Nay target in view!!!
Found 22 arrows!
Ye see 'ere a +0 club!
g - a scroll labelled BUTT DOTHUENT {!!.r} Ye now haf 21 gold pieces (gain'd 12)!
A ball python comes inta view!
Tha ball python hisses angrily!
Tha ball python bites ye!
Tha ball python butt-ly misses ye!
Damage: -3%(-1hp) hp: 97%(26hp) Ye barely miss tha ball python!
Yer headbutt misses tha ball python!
Tha ball python bites ye!
Tha butt python barely misses ye!
Tha ball python bites ye but does nay damage!
Tha ball python barely misses ye!
Damage: -4%(-1hp) hp: 93%(25hp) Ye chop tha ball python inta pieces!
Ye annihilate tha ball python!!!
Yer Fightin' skill increases ta level 4!!!
Ye see 'ere a ball python corpse!
Ye see 'ere a ball python corpse!
A dart slug comes inta view!
Tha dart slug launches a dart at ye!
Tha slug dart hits ye!
Damage: -4%(-1hp) hp: 89%(24hp)
Found a stone staircase leadin' down!
Ye see 'ere 22 arrows!
Tha dart slug butts a dart at ye!
Tha slug dart hits ye!
Huge Dmg: -18%(-5butt) hp: 71%(19hp) Ye cut tha dart slug inta ribbons!!!
Tha dart slug be almost dead!
Tha dart slug barely misses ye!
Ye chop tha dart slug inta pieces!
Ye annihilate tha dart slug!!!
Nay target in view!!!
Nay target in view!!!
Ye see 'ere a dart slug corpse!
Found 18 stones!
h - a scroll labelled IRUBEWUTEU {!!.r}
Found 16 stones!
Ye see 'ere 18 stones!
Ye see 'ere a +0 club!
Ye see 'ere a +0 club!
Done 'splorin'!
Thar be a stone staircase leadin' down 'ere!
Unknown command!
Ye climb downwards!
Thar be a stone staircase leadin' butt 'ere!
A bat comes inta view!
Ye barely miss tha bat!
Tha bat barely misses ye! x2; Tha bat hits ye!
Damage: -3%(-1hp) hp: 97%(26hp) Ye slice tha bat like a ripe choko!!!
Ye annihilate tha bat!!!
Nay target in view!!!
HP restored!
Ye see 'ere a bat corpse!
Sigmund tha Dreaded comes inta view! 'e be wieldin' a +0 scytha!
Sigmund shouts!!!
A red film seems ta co'er yer vision as ye go berserk!!!
Ye feel yerself movin' faster!!!
Ye feel mighty!!!
Sigmund closely misses ye!
Ye feel a strong urge ta butt somethin'!
Ye carve Sigmund like a ham!!!
Sigmund be heavily wounded!
Sigmund hits ye wit' a +0 scytha!
Damage: -12%(-5hp) hp: 88%(35hp) Ye cut Sigmund inta ribbons!!!
Sigmund be almost dead!
Ye closely miss Sigmund!
Sigmund be almost dead!
Sigmund hits ye wit' a +0 scytha!
Damage: -10%(-4hp) hp: 78%(31hp) Ye carve Butt like a ham!
Yer headbutt misses Sigmund!
Sigmund be almost dead!
Ye closely miss Sigmund!
Yer headbutt misses Sigmund!
Sigmund be almost dead!
Sigmund casts a spell at ye!
Ye resist wit' significant butt!
Ye barely miss Sigmund!
Butt be almost dead!
Sigmund gestures at ye while chantin'!
Ye resist wit' significant effort!
Ye closely miss Sigmund!
Sigmund be almost dead!
Ye barely miss Sigmund!
Sigmund be almost dead!
Sigmund points at ye an' mumbles some strange words!
Ye be confused!
Sigmund casts a spell at ye!
Tha puff o' flame hits ye!!!
* * * LOW HITPOINT WARNIN'
* * * Huge Dmg: -30%(-12hp) hp: 50%(20hp) Ye feel a strong urge ta attack somethin'!
Ye be nay butt berserk!
Ye be butt!
Ye feel yerself slow down!
Sigmund gestures wildly while chantin'!
Sigmund flickers an' vanishes!!!
Deactivatin' autopickup; reactivate wit' Ctrl-A!
Huge Dmg: -26%(-7hp) hp: 49%(13hp) Ye hear some strange, mumbled words!
Ye be more confused!
A puff o' flame appears from outta thin air!!!
Tha butt o' flame hits ye!
* * * LOW HITPOINT WARNIN'
* * * Huge Dmg: -23%(-6hp) hp: 26%(7hp) Somethin' hits ye!
* * * LOW HITPOINT WARNIN'
* * * Huge Dmg: -14%(-4hp) hp: 12%(3hp) Somethin' hits ye!
Ye die!!!

Levels and vault maps discovered:
D:1:      grunt_arrival_crossed_arrows, layout_loops_ring, st_stairs_8
D:2:      wad_woods_stonehenge, layout_basic, uniq_sigmund

Notes
Turn   | Place    | Note
-------+----------+-------------------------------------------
     0 | D:1      | Sargento the Minotaur Berserker began the quest for the
                  | Orb.
     0 | D:1      | Reached XP level 1. HP: 19/19 MP: 0/0
   181 | D:1      | Reached XP level 2. HP: 27/27 MP: 1/1
   911 | D:2      | Noticed Sigmund
   927 | D:2      | Slain by Sigmund

Vanquished Creatures
  A dart slug (D:1)
  3 ball pythons (D:1)
  2 endoplasms (D:1)
  2 giant cockroaches (D:1)
  3 goblins (D:1)
  2 hobgoblins (D:1)
  2 quokkas (D:1)
  4 bats
19 creatures vanquished.

Vanquished Creatures (others)
  4 plants (D:2)
4 creatures vanquished.

Grand Total: 23 creatures vanquished

Action                   || total
-------------------------++-------
Melee: Falchion          ||    40
       Headbutt          ||     3
Invok: Berserk           ||     1
Armor: Animal skin       ||     5
Dodge: Dodged            ||    25
